 Dungeon Crawl Stone Soup version 0.19-a0-1922-g1e9a4c1 (webtiles) character file.

112 sveltemanboy the Poker (level 4, -1/33 HPs)
             Began as a Demonspawn Gladiator on Oct 24, 2016.
             Slain by Grinder (2 damage)
             ... while paralysed by Grinder
             ... on level 3 of the Dungeon.
             The game lasted 00:05:07 (2172 turns).

sveltemanboy the Poker (Demonspawn Gladiator)       Turns: 2172, Time: 00:05:07

Health: -1/33      AC: 14    Str: 15    XL:     4   Next: 63%
Magic:  4/4        EV:  2    Int: 11    God:
Gold:   126        SH:  0    Dex: 18    Spells: 0 memorised, 3 levels left

rFire  + . .     SeeInvis .     a - +0 trident
rCold  . . .     Gourm    +     b - +0 leather armour
rNeg   . . .     Faith    .     (no shield)
rPois  .         Spirit   .     c - +0 helmet
rElec  .         Reflect  .     (no cloak)
rCorr  .         Harm     .     (no gloves)
MR     .....                    (no boots)
Stlth  ++........               l - amulet of the gourmand
                                j - +1 ring of protection
                                h - ring of protection from fire

@: paralysed, agile, sanguine armour
A: demonic guardian 1, sanguine armour 2
a: no special abilities


You were on level 3 of the Dungeon.
You were completely stuffed.

You visited 1 branch of the dungeon, and saw 3 of its levels.

You collected 126 gold pieces.

Inventory:

Hand Weapons
 a - a +0 trident (weapon)
 n - a +1 spear of piercing
Missiles
 d - a throwing net (quivered)
Armour
 b - a +0 leather armour (worn)
 c - a +0 helmet (worn)
Jewellery
 h - a ring of protection from fire (left hand)
 j - a +1 ring of protection (right hand)
 l - an amulet of the gourmand (around neck)
Scrolls
 e - a scroll of recharging {unknown}
 g - a scroll of fog {unknown}
 k - a scroll of identify {unknown}
 m - a scroll of enchant weapon {unknown}
 o - a scroll of enchant armour {unknown}
Comestibles
 f - 3 bread rations
 p - 3 fruits


   Skills:
 - Level 2.0 Fighting
 * Level 4.3 Polearms
 - Level 1.7 Throwing
 - Level 1.0 Armour
 + Level 3.2 Dodging


You had 3 spell levels left.
You didn't know any spells.

Dungeon Overview and Level Annotations

Branches:
Dungeon (3/15)

Altars:
Gozag
Makhleb
Sif Muna
Trog

Annotations:
D:3 Grinder


Innate Abilities, Weirdness & Mutations

A weak demonic guardian rushes to your aid.
When seriously injured, your bleeding wounds create thick armour. (AC +9)


Message History

Grinder hits you but does no damage.
Your iron imp barely misses Grinder.
Grinder gestures at you.
You shrug off the repeated paralysis!
Grinder gestures at you. Pain shoots through your body!
Your iron imp hits Grinder.
You can move again.
You barely miss Grinder.
Grinder is heavily wounded.
Grinder blinks!
Unknown command.
Grinder gestures at you.
You suddenly lose the ability to move!
Your iron imp barely misses Grinder.
Your iron imp disappears in a puff of smoke!
Grinder gestures at you. Pain shoots through your body!
* * * LOW HITPOINT WARNING * * *
Grinder hits you.
* * * LOW HITPOINT WARNING * * *
Grinder hits you.
You die...

.........##......#
.........#..######
............#
...#.[......########
..###....##........#
##.......##........#
..#.##.##.##........#
<...[..#..##........#
#.##5@5<###.......# #
#.##.# #.......# ...
..# #.......#
###.#### ######### #.
#. .. ..


You could see Grinder and a friendly iron imp.

Vanquished Creatures
  2 adders (D:2)
  3 gnolls (D:2)
  3 worms
  3 leopard geckos
  A ball python (D:2)
  3 giant cockroaches
  3 goblins (D:2)
  3 hobgoblins
  8 kobolds
  2 quokkas
  4 bats
  7 frilled lizards
  5 rats
47 creatures vanquished.

Vanquished Creatures (collateral kills)
  A gnoll (D:2)
  A worm (D:2)
  A rat (D:3)
3 creatures vanquished.

Grand Total: 50 creatures vanquished

Notes
Turn   | Place    | Note
-------+----------+-------------------------------------------
     0 | D:1      | sveltemanboy the Demonspawn Gladiator began the quest for the Orb.
     0 | D:1      | Reached XP level 1. HP: 16/16 MP: 1/1
    55 | D:1      | Reached skill level 3 in Polearms
   186 | D:1      | Gained mutation: When seriously injured, your bleeding wounds create armour. (AC +9) [demonic ancestry]
   186 | D:1      | Reached XP level 2. HP: 22/22 MP: 2/2
   808 | D:1      | Reached skill level 1 in Armour
  1033 | D:2      | Gained mutation: A weak demonic guardian rushes to your aid. [demonic ancestry]
  1033 | D:2      | Reached XP level 3. HP: 27/27 MP: 3/3
  1318 | D:2      | Found a deep blue altar of Sif Muna.
  1320 | D:2      | Found a bloodstained altar of Trog.
  1477 | D:2      | Found a faded altar of an unknown god.
  1598 | D:2      | Reached skill level 4 in Polearms
  1598 | D:2      | Gained mutation: When seriously injured, your bleeding wounds create thick armour. (AC +9) [demonic ancestry]
  1598 | D:2      | Reached XP level 4. HP: 33/33 MP: 4/4
  1879 | D:2      | Found a burning altar of Makhleb.
  1880 | D:2      | Found an opulent altar of Gozag.
  2145 | D:3      | Noticed Grinder
  2160 | D:3      | Paralysed by Grinder for 6 turns
  2168 | D:3      | Paralysed by Grinder for 7 turns
  2171 | D:3      | HP: 1/33 [Grinder (1)]
  2172 | D:3      | Slain by Grinder

Vault maps used:
D:1:      roderic_dead_forest, serial_curves, eino_curves_03, eino_curves_02,
          eino_curves_01, eino_curves_04, hex_intersection
D:2:      nicolae_overflow_hidden_temple, ecumenical_altar_2, first_bread
D:3:      kennysheep_decorative_pillar, uniq_grinder

Skill      XL: |  1  2  3 |
---------------+----------+-----
Polearms       | 3 4 |  4.3
Armour         | 1 |  1.0
Dodging        | 3 |  3.2
Fighting       | |  2.0
Throwing       | |  1.7

Action                   |  1- 3 |  4- 6 || total
-------------------------+-------+-------++-------
Melee: Trident           |   139 |    48 ||   187
       Spear             |       |     3 ||     3
Throw: Throwing net      |     5 |       ||     5
  Use: Potion            |       |     1 ||     1
 Stab: Sleeping          |     2 |       ||     2
       Held in net/web   |     1 |       ||     1
  Eat: Chunk             |     6 |    10 ||    16
Armor: Leather armour    |    27 |    11 ||    38
Dodge: Dodged            |    73 |    25 ||    98
